 Dungeon Crawl Stone Soup version 0.18.1-8-gdd0e5ea (webtiles) character file.

61 sugabear the Poker (level 4, -3/23 HPs)
             Began as a Vine Stalker Gladiator on June 11, 2016.
             Slain by an orc
             ... wielding a +0 flail
              (5 damage)
             ... on level 3 of the Dungeon.
             The game lasted 00:01:42 (1266 turns).

sugabear the Poker (Vine Stalker Gladiator)         Turns: 1266, Time: 00:01:43

Health: -3/23      AC:  4    Str: 19    XL:     4   Next: 7%
Magic:  0/5        EV: 13    Int:  8    God:
Gold:   149        SH:  0    Dex: 14    Spells: 0 memorised, 3 levels left

rFire  . . .     SeeInvis .     n - +0 halberd
rCold  . . .     Gourm    .     b - +0 leather armour
rNeg   . . .     Faith    .     (shield currently unavailable)
rPois  .         Spirit   +     c - +0 helmet
rElec  .         Dismiss  .     (no cloak)
rCorr  .         Reflect  .     (no gloves)
SustAt .         Harm     .     (no boots)
MR     .....                    (no amulet)
Stlth  +.........               (no ring)
                                (no ring)

@: lethally poisoned (-3 -> -10), not resistant to hostile enchantments, very
unstealthy
A: fangs 2, regeneration 1, magic shield, antimagic bite, no device heal 3, rot
immunity
a: no special abilities


You were on level 3 of the Dungeon.
You were very hungry.

You visited 1 branch of the dungeon, and saw 3 of its levels.

You collected 149 gold pieces.

Inventory:

Hand Weapons
 k - a +0 dagger of venom
 n - a +0 halberd (weapon)
Missiles
 d - 3 throwing nets (quivered)
Armour
 b - a +0 leather armour (worn)
 c - a +0 helmet (worn)
Scrolls
 a - a scroll of fog {unknown}
 e - a scroll of blinking {unknown}
 h - 2 scrolls of remove curse {unknown}
 l - a scroll of teleportation {unknown}
 o - 4 scrolls of random uselessness {unknown}
 p - 4 scrolls of identify {unknown}
 q - a scroll of enchant armour {unknown}
 r - a scroll of amnesia {unknown}
Potions
 j - a potion of curing {unknown}
 m - a potion of degeneration {unknown}
 t - a potion of heal wounds {unknown}
 u - a potion of flight {unknown}
Comestibles
 f - 2 bread rations
 g - a royal jelly
 i - 3 meat rations
 s - 4 fruits


   Skills:
 + Level 2.0 Fighting
 + Level 3.3 Polearms
 + Level 1.8 Throwing
 + Level 0.5 Armour
 + Level 3.2 Dodging


You had 3 spell levels left.
You didn't know any spells.

Dungeon Overview and Level Annotations

Branches:
Dungeon (3/15)

Altars:
Nemelex Xobeh


Innate Abilities, Weirdness & Mutations

You have extremely sharp teeth.
Your natural rate of healing is unusually fast.
When hurt, damage is shared between your health and your magic reserves.
Your bite disrupts and absorbs the magic of your enemies.
Potions and wands cannot restore your health.
You are immune to rotting.


Message History

You feel sick.
Things that are here:
a dagger of venom; an orc corpse You closely miss the orc.
Your bite misses the orc.
You feel sick. The orc misses you.
Your leather armour prevents you from hitting the orc.
* * * LOW HITPOINT WARNING * * *
You feel sick. The orc hits you with a mace.
* * * LOW HITPOINT WARNING * * *
You are too injured to fight recklessly!
You are too injured to fight recklessly!
You are too injured to fight recklessly!
You slash the orc!
You kill the orc!
* * * LOW HITPOINT WARNING * * *
You feel sick. The orc hits you but does no damage.
You hit the orc but do no damage. Your bite misses the orc.
* * * LOW HITPOINT WARNING * * *
You feel sick. The orc hits you with a flail!
You die...

## #......
#.##########.>###. ##
#.........)....#.
#.###....####......#
#.#.###..........## #.##
#.####......# ###.# #.#
#...#.#. #####...###..#
#...#.#. .......@....##
#...#.#.
#####.#o#########.....#.
#.#.# ##............
#.#.###...###..#..## #
#............#..#
........####....# ####.#
###..# #..# #.#######.(#


You could see an orc.

Vanquished Creatures
  A gnoll (D:1)
  An ooze (D:1)
  A worm (D:2)
  2 giant geckos
  4 orcs (D:3)
  3 bats (D:2)
  3 giant cockroaches
  3 goblins
  5 hobgoblins
  2 jackals (D:2)
  2 giant newts (D:1)
  4 kobolds
  5 rats
36 creatures vanquished.

Notes
Turn   | Place    | Note
--------------------------------------------------------------
     0 | D:1      | sugabear the Vine Stalker Gladiator began the quest for the Orb.
     0 | D:1      | Reached XP level 1. HP: 11/11 MP: 2/2
   110 | D:1      | Reached XP level 2. HP: 11/15 MP: 1/3
   257 | D:1      | Found a sparkling altar of Nemelex Xobeh.
   507 | D:1      | Reached XP level 3. HP: 3/18 MP: 0/4
  1260 | D:3      | Reached XP level 4. HP: 14/23 MP: 5/5
  1266 | D:3      | Slain by an orc

Skill      XL: |  1  2  3 |
---------------+----------+-----
Polearms       | 3 |  3.3
Dodging        | 3 |  3.2
Fighting       | 2 |  2.0
Throwing       | |  1.8
Armour         | |  0.5

Action                   |  1- 3 |  4- 6 || total
-------------------------+-------+-------++-------
Melee: Trident           |    44 |       ||    44
       Bite              |    28 |       ||    28
       Halberd           |    79 |     5 ||    84
 Stab: Sleeping          |     1 |       ||     1
Armor: Leather armour    |    35 |     1 ||    36
Dodge: Dodged            |    91 |     1 ||    92
